 Dungeon Crawl Stone Soup version 0.20.1-1-g8b1a95d (webtiles) character file.

49 Jazqa the Ruffian (level 3, -1/32 HPs)
             Began as a Naga Transmuter on Oct 31, 2017.
             Slain by a worm (12 damage)
             ... on level 2 of the Dungeon.
             The game lasted 00:01:49 (1438 turns).

Jazqa the Ruffian (Naga Transmuter)                 Turns: 1438, Time: 00:01:49

Health: -1/32      AC:  2    Str: 13    XL:     3   Next: 77%
Magic:  4/7        EV: 10    Int: 13    God:
Gold:   87         SH:  0    Dex: 11    Spells: 4/7 levels left

rFire    . . .     SeeInvis +     - Unarmed
rCold    . . .     Gourm    .   (no shield)
rNeg     . . .     Faith    .   b - +0 robe
rPois    +         Spirit   .   (no helmet)
rElec    .         Reflect  .   (no cloak)
rCorr    .         Harm     .   (no gloves)
MR       .....                  (no barding)
Stlth    +.........             (no amulet)
Regen    0.1/turn               (no ring)
MPRegen  0.1/turn               (no ring)

@: appendage, very slow
A: horns 2, see invisible, deformed body, poison resistance, slowness 2, slow
metabolism 1, spit poison 1, AC +1
a: Spit Poison, End Transformation


You were on level 2 of the Dungeon.
You were hungry.
You had grown temporary horns.
You visited 1 branch of the dungeon, and saw 2 of its levels.

You collected 87 gold pieces.


Innate Abilities, Weirdness & Mutations

You cannot wear boots.
Your serpentine skin is tough. (AC +1)
You have supernaturally acute eyesight. (SInv)
Armour fits poorly on your strangely shaped body.
Your system is resistant to poisons. (rPois)
You cover ground very slowly.
You have a slow metabolism.
You can spit poison.
You have a pair of horns on your head.


   Skills:
 + Level 1.8 Fighting
 - Level 1.5 Dodging
 + Level 3.2 Unarmed Combat
 + Level 2.7 Spellcasting
 + Level 2.6 Transmutations


You had 4 spell levels left.
You knew the following spells:

 Your Spells              Type           Power        Failure   Level  Hunger
t - Sticks to Snakes      Tmut           #.......     12%         2    ###....
z - Beastly Appendage     Tmut           #.....       9%          1    #......

Inventory:

Missiles
 a - 11 arrows
Armour
 b - a +0 robe (worn)
Scrolls
 g - a scroll of recharging {unknown}
 h - a scroll of noise {unknown}
 i - a scroll of amnesia {unknown}
 j - 2 scrolls of identify {unknown}
 m - a scroll of fear {unknown}
Potions
 e - 2 potions of invisibility {unknown}
 f - a potion of flight {unknown}
 k - 2 potions of heal wounds {unknown}
 l - a potion of lignification {unknown}
 p - a potion of curing {unknown}
Books
 c - a book of Changes

   Spells                             Type                      Level
   a - Beastly Appendage              Transmutation                1
   b - Sticks to Snakes               Transmutation                2
   c - Spider Form                    Transmutation/Poison         3
   d - Ice Form                       Ice/Transmutation            4
   e - Blade Hands                    Transmutation                5
Comestibles
 d - 2 bread rations {@e1}
 o - a meat ration {@e1}

Dungeon Overview and Level Annotations

Branches:
Dungeon (2/15)

Altars:

################
................
#####...##.##### #########
#...##.# #.......#
#....#.# #.......#
#....#.# #.......#
#...<#.# #......S###
##'###.#
!......Sw@######.# #.# #
#.......#h##.....# #.# #
#.......#.##.##### #.# #
#.......#.##...# #.#####
#.......#.####.#####....#<
#.......#..# #.........###
#.......##.#########.##...
##########..# #..+... ##.#
#.##...


You could see a worm, an adder, a jackal and a friendly ball python.


Message History

Casting: Sticks to Snakes
Confirm with . or Enter, or press ? or * to list all spells.
You extend your transformation's duration.
The jackal bites you.
Your ball python barely misses the jackal.
Your ball python constricts the jackal.
The worm bites you.
You barely miss the jackal. Your headbutt misses the jackal.
The jackal bites you.
Your ball python bites the jackal.
Your ball python constricts the jackal.
The jackal bites you.
You hit the jackal but do no damage. Your headbutt misses the jackal.
Your ball python bites the jackal but does no damage.
Your ball python constricts the jackal.
The jackal bites you. The worm bites you.
You hit the jackal but do no damage.
Your ball python bites the jackal.
Your ball python constricts the jackal.
The jackal dies!
The jackal barely misses you.
You miss the jackal. The jackal closely misses you.
Your ball python bites the worm but does no damage.
Your ball python grabs the worm.
Your ball python constricts the worm.
The worm bites you!
* * * LOW HITPOINT WARNING * * *
The jackal bites you.
* * * LOW HITPOINT WARNING * * *
Your ball python bites the worm.
Your ball python constricts the worm.
You barely miss the jackal. Your headbutt misses the jackal.
The jackal bites you but does no damage.
Your ball python bites the worm.
Your ball python constricts the worm.
The worm bites you!
You die...

Action                   || total
-------------------------++-------
Melee: Unarmed           ||   107
       Headbutt          ||    12
 Cast: Beastly Appendage ||    22
       Sticks to Snakes  ||     1
  Eat: Chunk             ||     1
Armor: Robe              ||    30
Dodge: Dodged            ||    87

Vault maps used:
D:1:      dpeg_arrival_radiant
D:2:      chequers_ecumenical_altar_simple_redux

Notes
Turn   | Place    | Note
-------+----------+-------------------------------------------
     0 | D:1      | Jazqa the Naga Transmuter began the quest for the Orb.
     0 | D:1      | Reached XP level 1. HP: 18/18 MP: 3/3
   155 | D:1      | Reached XP level 2. HP: 20/25 MP: 3/5
   634 | D:1      | Reached XP level 3. HP: 28/31 MP: 4/6
  1139 | D:2      | Found a faded altar of an unknown god.
  1227 | D:2      | Learned a level 2 spell: Sticks to Snakes
  1438 | D:2      | Slain by a worm

Vanquished Creatures
  An adder (D:2)
  An ooze (D:1)
  3 dart slugs
  4 leopard geckos
  A ball python (D:1)
  3 bats (D:1)
  3 giant cockroaches (D:1)
  A hobgoblin (D:2)
  3 kobolds
  3 frilled lizards
  A goblin (D:2)
  2 rats (D:1)
26 creatures vanquished.

Vanquished Creatures (collateral kills)
  A jackal (D:2)
1 creature vanquished.

Grand Total: 27 creatures vanquished
